 Dungeon Crawl Stone Soup version 0.30.0-29-ga12c61a403 (webtiles) character file.

Game seed: 15010348992814365412

181911 wingedge the Zephyrmancer (level 19, -1/149 HPs)
             Began as a Human Wanderer on June 11, 2023.
             Was the Champion of Kikubaaqudgha.
             Shot with an arrow by a satyr (34 damage)
             ... on level 4 of the Shoals on June 12, 2023.
             The game lasted 02:57:02 (42736 turns).

wingedge the Zephyrmancer (Human Wanderer)         Turns: 42736, Time: 02:57:02

Health: -1/149     AC: 14    Str: 23    XL:     19   Next: 1%
Magic:  13/31      EV: 38    Int: 27    God:    Kikubaaqudgha [******]
Gold:   1884       SH: 18    Dex: 26    Spells: 2/34 levels left

rFire   . . .        a - +5 sling of the Moon {heavy, Int+6 Dex+2}
rCold   + . .        H - +4 kite shield of Divine the Leaf {Dex+7}
rNeg    . . .        Y - +3 leather armour {rF+}
rPois   +            T - +2 hat of Hepliaklqana, Hugging {Will+ Str+3 Int+4 SInv}
rElec   +            h - scarf "Fearocuh" {harm, rElec rC+}
rCorr   .            G - +2 pair of gloves
SInv    +            p - +1 pair of boots
Will    ++...        Z - amulet of the acrobat
Stlth   +++          f - ring of flight
HPRegen 0.44/turn    K - ring "Gocogi" {rPois rF- EV+5 Str+8}
MPRegen 0.22/turn

%: harm (+30% outgoing, +20% incoming), acrobat
@: acrobatic, flying, studying Fighting
A: no striking features
a: Renounce Religion, Unearth Wretches, Torment, Brand Weapon With Pain, Receive
Forbidden Knowledge


You were on level 4 of the Shoals.
You worshipped Kikubaaqudgha.
Kikubaaqudgha was exalted by your worship.
You visited 5 branches of the dungeon, and saw 27 of its levels.
You also visited: Gauntlet.

You collected 3170 gold pieces.
You spent 1286 gold pieces at shops.

Inventory:

Hand Weapons
 a - the +5 sling of the Moon (weapon) {heavy, Int+6 Dex+2}
   (You found it in a Gauntlet)

   Int:       It affects your intelligence (+6).
   Dex:       It affects your dexterity (+2).
 b - the +8 broad axe of Inquiry {spect, rC+ Str+4 Dex+3}
   (You took it off a minotaur in a Gauntlet)

   Str:       It affects your strength (+4).
   Dex:       It affects your dexterity (+3).
   rC:        It protects you from cold.
 y - the +8 whip "Snakebite" {venom, curare, rPois}
   (You found it on level 3 of the Lair of Beasts)

   rPois:     It protects you from poison.
Missiles
 u - 2 throwing nets
Armour
 h - the scarf "Fearocuh" (worn) {harm, rElec rC+}
   (You bought it in a shop on level 2 of the Orcish Mines)

   rC:        It protects you from cold.
   rElec:     It insulates you from electricity.
 k - +0 acid dragon scales
 p - a +1 pair of boots (worn)
 D - a +0 cloak of preservation
 G - a +2 pair of gloves (worn)
 H - the +4 kite shield of Divine the Leaf (worn) {Dex+7}
   (You took it off a minotaur in a Gauntlet)

   Dex:       It affects your dexterity (+7).
 J - a +4 kite shield of poison resistance
 T - the +2 hat of Hepliaklqana, Hugging (worn) {Will+ Str+3 Int+4 SInv}
   (You found it on level 3 of the Lair of Beasts)

   Str:       It affects your strength (+3).
   Int:       It affects your intelligence (+4).
   SInv:      It lets you see invisible.
   Will:      It increases your willpower.
 U - a +2 leather armour of cold resistance
 Y - a +3 leather armour of fire resistance (worn)
Magical Staves
 c - a staff of cold
 d - a staff of death
 o - a staff of conjuration
 r - a staff of air
Jewellery
 e - a ring of ice
 f - a ring of flight (left hand)
 w - a ring of willpower
 B - the ring "Goikajepn" {Fire MP+9}
   (You found it on level 3 of the Lair of Beasts)

   [ring of fire]

   It enhances your fire magic.
   rF:        It protects you from fire.
   rC:        It makes you vulnerable to cold.
   MP:        It affects your magic capacity (+9).
 K - the ring "Gocogi" (right hand) {rPois rF- EV+5 Str+8}
   (You found it in a Gauntlet)

   [ring of evasion]

   EV:        It affects your evasion (+5).
   Str:       It affects your strength (+8).
   rF:        It makes you vulnerable to fire.
   rPois:     It protects you from poison.
 Z - an amulet of the acrobat (around neck)
Wands
 I - a wand of paralysis (40)
Scrolls
 l - 3 scrolls of fog
 m - 12 scrolls of teleportation
 n - 2 scrolls of silence
 q - 2 scrolls of brand weapon
 v - 7 scrolls of poison
 A - 3 scrolls of amnesia
 C - 3 scrolls of magic mapping
 M - 2 scrolls of vulnerability
 V - 8 scrolls of enchant weapon
Potions
 g - 5 potions of resistance
 j - 3 potions of brilliance
 s - a potion of heal wounds
 t - a potion of ambrosia
 x - 2 potions of magic
 z - 4 potions of might
 L - 9 potions of curing
 O - a potion of berserk rage
 R - 3 potions of mutation
 S - 2 potions of cancellation
 X - 2 potions of haste
Miscellaneous
 i - a phial of floods
 W - a phantom mirror


   Skills:
 + Level 13.1 Fighting
 - Level 2.0 Short Blades
 - Level 6.6(7.0) Axes
 - Level 3.0(5.2) Maces & Flails
 - Level 6.0 Armour
 + Level 8.3 Dodging
 - Level 4.0 Stealth
 + Level 10.0 Shields
 + Level 8.4 Spellcasting
 + Level 7.0 Conjurations
 - Level 8.0 Summonings
 - Level 11.0 Necromancy
 + Level 11.7 Fire Magic
 * Level 4.7 Ice Magic
 - Level 14.0 Air Magic
 - Level 3.0 Poison Magic


You had 2 spell levels left.
You knew the following spells:

 Your Spells              Type           Power      Damage    Failure   Level
a - Fireball              Conj/Fire      29%        3d13      6%          5
b - Ozocubu's Armour      Ice            36%        N/A       4%          3
c - Airstrike             Air            36%        2d(6-22)  1%          4
d - Animate Dead          Necr           63%        N/A       1%          4
e - Dispel Undead         Necr           63%        3d22      1%          4
f - Summon Lightning Spi  Summ/Air       63%        N/A       1%          4
g - Sublimation of Blood  Necr           63%        N/A       1%          2
h - Plasma Beam           Fire/Air       34%        2x1d52    8%          6

Your spell library contained the following spells:

 Spells                   Type           Power      Damage    Failure   Level
 Foxfire                  Conj/Fire      100%       2x1d9     1%          1
 Necrotise                Necr           100%       1d9       1%          1
 Cigotuvi's Dreadful Rot  Necr/Pois/Air  100%       N/A       1%          2
 Poisonous Vapours        Pois/Air       100%       N/A       1%          2
 Static Discharge         Conj/Air       100%       2-7/arc   1%          2
 Beastly Appendage        Tmut           22%        N/A       10%         1
 Wereblood                Tmut           11%        N/A       16%         2
 Mephitic Cloud           Conj/Pois/Air  53%        N/A       1%          3
 Volatile Blastmotes      Fire/Tloc      86%        2d17      2%          3
 Agony                    Necr           63%        N/A       3%          5
 Freezing Cloud           Conj/Ice/Air   27%        6-21      9%          5
 Spider Form              Tmut/Pois      19%        N/A       16%         3
 Silence                  Hex/Air        24%        N/A       16%         5
 Fulminant Prism          Conj/Hex       15%        3d11      24%         4
 Iskenderun's Mystic Bla  Conj/Tloc      30%        2d8       24%         4
 Olgreb's Toxic Radiance  Pois           27%        N/A       28%         4
 Borgnjor's Vile Clutch   Necr/Erth      20%        N/A       28%         5
 Starburst                Conj/Fire      29%        6d9       32%         6
 Summon Forest            Summ/Tloc      16%        N/A       47%         5
 Simulacrum               Ice/Necr       26%        N/A       52%         6
 Passage of Golubria      Tloc           11%        N/A       69%         4
 Metabolic Englaciation   Hex/Ice        12%        N/A       71%         5
 Lee's Rapid Deconstruct  Erth           5%         3d6*      95%         5
 Summon Hydra             Summ           26%        N/A       97%         7
 Ignition                 Fire           33%        3d10      99%         8
 Eringya's Noxious Bog    Tmut/Pois      9%         N/A       100%        6
 Discord                  Hex            5%         N/A       100%        8
 Lehudib's Crystal Spear  Conj/Erth      15%        10d5      100%        8


Dungeon Overview and Level Annotations

Branches:
Dungeon (15/15)            Temple (1/1) D:5            Lair (5/5) D:8
 Shoals (4/4) Lair:2        Snake (0/4) Lair:2        Slime (0/5) Lair:5
    Orc (2/2) D:10            Elf (0/3) Orc:2        Vaults (0/5) D:14
 Depths (0/4) D:15        Gauntlet (visited)

Altars:
Ashenzari
Cheibriados
Elyvilon
Fedhas
Hepliaklqana
Kikubaaqudgha
Qazlal
Ru
Sif Muna
Yredelemnul
Zin
The Shining One

Shops:
D:3 ?   Orc:2 [?![

Portals:
Trove: D:11 (give 8 potions of haste)


Message History

The manticore claws your merfolk zombie.
The manticore barely misses your merfolk zombie.
The manticore closely misses your merfolk zombie.
The manticore claws your merfolk zombie!
The manticore claws your merfolk zombie.
Your merfolk zombie closely misses the manticore.
The satyr plays a rousing melody on his pipes!
The satyr goes into a battle-frenzy!
The manticore bites your merfolk zombie!!
Your merfolk zombie is destroyed!
Casting: Plasma Beam (dangerous; 8% risk of failure)
Confirm with . or Enter, or press ? or * to list all spells.
Casting: Plasma Beam (dangerous; 8% risk of failure)
Press: ? - help, Dir - look around, f - activate
Okay, then.
Unknown command.
Casting: Plasma Beam (dangerous; 8% risk of failure)
Confirm with . or Enter, or press ? or * to list all spells.
Casting: Plasma Beam (dangerous; 8% risk of failure)
Press: ? - help, Dir - look around, f - activate Look: a manticore (severely wounded, not watching you, ally target, 2x78% to hit)
The bolt of lightning hits the manticore!!!
You kill the manticore!
Kikubaaqudgha accepts your kill.
The bolt of lightning hits the satyr!
The satyr is moderately wounded.
The fiery plasma misses the satyr.
You hear a shout! x2
The satyr unwields a +0 spear.
The satyr wields a +0 longbow.
The satyr shoots an arrow.
The arrow hits you!!
The satyr unwields a +0 quarterstaff.
The satyr wields a +0 longbow.
The satyr shoots an arrow.
The arrow hits you!!
* * * LOW HITPOINT WARNING * * *
Unknown command.
Unknown command.
You are no longer terrified.
The satyr shoots an arrow.
The arrow hits your faun zombie!!
The satyr shoots an arrow.
The arrow hits you!!
You die...
Kikubaaqudgha rasps: "You have failed me!
Welcome... death!"

≈≈≈~..P....~..(...##....##..
≈≈≈~.....P.~......#....~...c
≈≈≈~.<.....~#....##........
≈≈≈~<.##.P.~......# .....#
≈≈≈~....P..~.c...# .... .
≈≈≈~~..<...~.#...####H####cc.
≈≈≈~~~...~~~##...##....~.....
≈≈≈≈~~~~~~~~~.#...##.).#####
≈≈≈≈≈~~~~~~~~~##@.Z##.).##
≈≈≈≈≈≈~~~~~~~~~)#...#|...##
≈≈≈≈≈≈≈~~~~~~~~~##..c##....#
≈≈≈≈≈≈≈≈≈≈≈≈≈≈≈≈≈##)..~###.).
≈≈≈≈≈≈≈≈≈≈≈≈≈≈≈≈≈≈≈##......#.
≈≈≈≈≈≈≈≈≈≈≈≈≈≈≈≈≈≈≈≈###.).#
≈≈≈≈≈≈≈≈≈≈≈≈≈≈≈≈≈≈≈≈≈# #..
≈≈≈≈≈≈≈≈≈≈≈≈≈≈≈≈≈≈≈≈≈≈# #
≈≈≈≈≈≈≈≈≈≈≈≈≈≈≈≈≈≈≈≈≈≈


You could see 2 satyrs and a friendly faun zombie.

Vanquished Creatures
  Nikola (Shoals:4)
  Mlioglotl (Shoals:2)
  2 krakens
  Frances (D:14)
  Kirke (D:13)
  Louise (Shoals:3)
  2 minotaurs
  The ghost of Fuxod the Fighter, a journeyman GnWn of Xom (Lair:3)
  A merfolk javelineer (Shoals:4)
  3 merfolk impalers
  A great orb of eyes (D:15)
  The ghost of FallenXxXSky the Cleaver, a journeyman DrCK of Okawaru (Lair:2)
  A rakshasa (D:15)
  4 catoblepae
  3 hydras
  5 satyrs (Shoals:4)
  6 boulder beetles
  A merfolk avatar (Shoals:4)
  An alligator snapping turtle (Shoals:1)
  An ogre mage (D:14)
  3 centaur warriors
  An anaconda (shapeshifter) (D:15)
  6 two-headed ogres
  3 death yaks
  3 tengu warriors
  2 death scarabs (Gauntlet)
  7 orc high priests (Orc:2)
  Urug (Lair:2)
  4 skeletal warriors (D:11)
  A spectral death yak (Gauntlet)
  3 sea snakes
  2 skysharks
  Amaemon (D:8)
  A lindwurm (Lair:3)
  A wizard (D:13)
  Pikel (D:4)
  The ghost of comborobin the Insei, a novice DgDe (D:6)
  18 harpies
  A deep elf pyromancer (D:14)
  A wolf spider (Lair:3)
  8 fauns
  2 orc knights
  2 orc sorcerers (Orc:2)
  An oklob plant (Lair:2)
  16 ugly things
  A spectral boulder beetle (Gauntlet)
  10 cyclopes
  13 manticores
  Joseph (D:7)
  3 elephants (Lair:4)
  7 merfolk sirens
  3 black mambas
  2 water nymphs
  3 orange demons
  2 torpor snails
  A gargoyle (D:9)
  4 cane toads
  2 unseen horrors (D:12)
  Maggie (D:7)
  A sea snake zombie (Shoals:1)
  2 freezing wraiths (D:14)
  2 rime drakes (Lair:3)
  2 efreet
  A tengu conjurer (Gauntlet)
  A harpy zombie (Shoals:4)
  An unseen horror skeleton (D:6)
  5 komodo dragons
  5 trolls
  3 wind drakes
  17 merfolk
  A troll (shapeshifter) (D:15)
  3 blink frogs (Lair:4)
  16 slime creatures
  4 snapping turtles
  4 dream sheep
  A jumping spider (Lair:3)
  A shadow (D:12)
  A vampire (D:14)
  A spriggan (shapeshifter) (D:14)
  A spectral komodo dragon (Gauntlet)
  4 hogs (D:13)
  4 wraiths
  A basilisk (D:15)
  31 yaks
  A golden eye (shapeshifter) (D:15)
  2 steam dragons
  3 vampire mosquitoes (D:14)
  2 redbacks (Lair:3)
  Menkaure (D:4)
  A spectral cane toad (Gauntlet)
  9 wargs
  8 water moccasins
  3 acid dragons
  Duvessa (D:5)
  18 orc warriors
  2 ice beasts
  2 sky beasts
  7 centaurs
  7 ogres
  4 lemures (D:4)
  4 kobold brigands
  7 bullfrogs
  A gnoll sergeant (D:8)
  3 scorpions
  5 wights (D:9)
  Dowan (D:5)
  10 killer bees
  3 electric eels
  7 howler monkeys
  A crimson imp (D:4)
  A centaur zombie (D:6)
  A lava snake (Lair:3)
  A hound (D:7)
  6 jellies
  A gnoll bouda (D:7)
  37 orc priests
  6 iguanas
  A sleepcap (D:6)
  23 orc wizards
  A mummy (D:5)
  A killer bee simulacrum (D:6)
  8 gnolls
  5 adders
  4 white imps
  2 ufetubi (D:7)
  2 worms
  2 dart slugs (D:1)
  99 orcs
  5 endoplasms
  A giant cockroach (D:3)
  3 goblins
  3 hobgoblins
  8 jackals
  4 quokkas
  4 ball pythons
  4 bats (D:2)
  5 frilled lizards
  A goblin zombie (D:4)
  4 hobgoblin zombies (D:4)
  20 kobolds
  A kobold zombie (D:4)
  2 orc skeletons (D:4)
  3 orc zombies (D:4)
  4 rats (D:2)
  2 tentacles (Shoals:3)
682 creatures vanquished.

Vanquished Creatures (collateral kills)
  A kraken (Shoals:3)
  Polyphemus (Shoals:3)
  A minotaur (Shoals:4)
  A green death (Gauntlet)
  An alligator snapping turtle (Shoals:3)
  A catoblepas (Lair:5)
  A satyr (Shoals:4)
  A boulder beetle (Lair:3)
  An orc high priest (Orc:2)
  A tengu warrior (Gauntlet)
  8 death yaks
  A skyshark (Lair:5)
  4 sea snakes
  10 harpies
  A lindwurm (Lair:3)
  4 ugly things
  A manticore (Lair:5)
  6 fauns
  A cyclops (Shoals:2)
  An elephant (Lair:4)
  A merfolk siren (Shoals:1)
  A black mamba (Lair:4)
  3 cane toads
  2 rime drakes (Lair:3)
  2 komodo dragons
  A tengu conjurer (Gauntlet)
  5 merfolk
  A snapping turtle (Shoals:3)
  A dream sheep (Shoals:1)
  2 blink frogs (Lair:4)
  A wyvern (Lair:4)
  15 yaks
  A death yak simulacrum (Lair:3)
  2 wargs
  2 water moccasins
  4 orc warriors
  An ogre (D:11)
  2 bullfrogs (Lair:1)
  A cane toad simulacrum (Lair:3)
  An elephant simulacrum (Lair:3)
  A lindwurm simulacrum (Lair:3)
  2 torpor snail simulacra (Lair:3)
  A jelly (Lair:5)
  3 orc priests (Orc:2)
  A gnoll bouda (D:11)
  An orc wizard (D:10)
  A howler monkey skeleton (D:6)
  11 orcs
  A kobold zombie (D:10)
  An orc zombie (Orc:2)
  6 tentacles
125 creatures vanquished.

Vanquished Creatures (others)
  2 kraken zombies
  4 ugly thing zombies (D:15)
  A centaur zombie (Gauntlet)
  4 death yak zombies
  A catoblepas zombie (Shoals:3)
  2 minotaur zombies (Shoals:4)
  A sea snake zombie (Shoals:3)
  9 harpy zombies
  A satyr zombie (Shoals:4)
  2 wind drake zombies (Shoals:3)
  A skyshark zombie (Shoals:2)
  2 cane toad zombies
  A snapping turtle zombie (Shoals:3)
  5 manticore zombies
  2 dream sheep zombies (Shoals:2)
  7 merfolk zombies
  3 cyclops zombies
  A komodo dragon zombie (Lair:4)
  15 yak zombies
  3 tengu zombies (Gauntlet)
  A bullfrog zombie (Lair:1)
  An ogre zombie (Orc:2)
  2 kobold zombies (D:10)
  21 orc zombies
  2 spectral weapons (Shoals:1)
  22 tentacles
116 creatures vanquished.

Grand Total: 923 creatures vanquished

Notes
Turn   | Place    | Note
-------+----------+-------------------------------------------
     0 | D:1      | wingedge the Human Wanderer began the quest for the Orb.
     0 | D:1      | wingedge set off with the following items: a +2 mace, a +0
                  | short sword, a +0 helmet, a potion of curing, a +0 leather
                  | armour.
     0 | D:1      | Reached XP level 1. HP: 16/16 MP: 1/1
    86 | D:1      | Reached XP level 2. HP: 20/23 MP: 2/2
   519 | D:2      | Reached XP level 3. HP: 26/29 MP: 3/3
   729 | D:2      | Found a faded altar of an unknown god.
   776 | D:2      | Prayed at the altar of an unknown god.
   776 | D:2      | Became a worshipper of Kikubaaqudgha
   776 | D:2      | Reached * piety under Kikubaaqudgha
   776 | D:2      | Received a gift from Kikubaaqudgha
  1092 | D:3      | Reached skill level 1 in Necromancy
  1117 | D:3      | Reached XP level 4. HP: 35/37 MP: 4/4
  1288 | D:3      | Reached ** piety under Kikubaaqudgha
  1289 | D:3      | Reached XP level 5. HP: 31/42 MP: 4/6
  1536 | D:3      | Reached skill level 1 in Spellcasting
  1669 | D:3      | Found Fepigip's Magic Scroll Emporium.
  1684 | D:3      | Bought a scroll of fear for 40 gold pieces
  1684 | D:3      | Bought a scroll of identify for 20 gold pieces
  1684 | D:3      | Bought a scroll of enchant armour for 75 gold pieces
  1923 | D:4      | Found a blossoming altar of Fedhas.
  1929 | D:4      | Identified a scroll of acquirement
  1931 | D:4      | Acquired a book of Storms
  2123 | D:4      | Reached skill level 1 in Conjurations
  2123 | D:4      | Reached skill level 1 in Air Magic
  2123 | D:4      | Reached XP level 6. HP: 20/48 MP: 8/8
  2399 | D:4      | Noticed Pikel
  2667 | D:4      | Noticed Menkaure
  2675 | D:4      | Killed Menkaure
  2676 | D:4      | Reached skill level 2 in Air Magic
  2772 | D:4      | Reached XP level 7. HP: 50/54 MP: 10/10
  2849 | D:4      | Learned a level 2 spell: Static Discharge
  2852 | D:4      | Learned a level 2 spell: Cigotuvi's Dreadful Rot
  2894 | D:4      | Found a glowing golden altar of the Shining One.
  3033 | D:4      | Reached skill level 3 in Air Magic
  3192 | D:4      | Found a stormy altar of Qazlal.
  3194 | D:4      | Noticed a fire elemental
  3195 | D:4      | Noticed a water elemental
  3195 | D:4      | Noticed an air elemental
  3461 | D:4      | Killed Pikel
  3462 | D:4      | Reached skill level 4 in Air Magic
  3462 | D:4      | Reached skill level 1 in Poison Magic
  3462 | D:4      | Reached skill level 5 in Air Magic
  3462 | D:4      | Reached XP level 8. HP: 8/60 MP: 0/11
  3467 | D:4      | Learned a level 4 spell: Airstrike
  3822 | D:5      | Entered Level 5 of the Dungeon
  3973 | D:5      | Found a staircase to the Ecumenical Temple.
  4052 | D:5      | Noticed Dowan
  4055 | Temple   | Entered the Ecumenical Temple
  4058 | D:5      | Noticed Duvessa
  4077 | D:5      | Killed Duvessa
  4080 | D:5      | Killed Dowan
  5043 | D:5      | Reached *** piety under Kikubaaqudgha
  5043 | D:5      | Received a gift from Kikubaaqudgha
  5047 | D:5      | Reached skill level 6 in Air Magic
  5459 | D:5      | Found a snail-covered altar of Cheibriados.
  5468 | D:5      | Reached XP level 9. HP: 60/65 MP: 13/13
  6170 | D:6      | Found a runed translucent gate.
  6170 | D:6      | Found a runed translucent gate.
  6171 | D:6      | Found a runed translucent gate.
  6261 | D:6      | Noticed comborobin's ghost (novice DgDe)
  6720 | D:6      | Reached skill level 7 in Air Magic
  6827 | D:6      | Found a sacrificial altar of Ru.
  7147 | D:6      | Found a glowing silver altar of Zin.
  7577 | D:7      | Noticed Joseph
  7583 | D:7      | Reached skill level 8 in Air Magic
  7611 | D:7      | Killed Joseph
  7612 | D:7      | Reached skill level 1 in Dodging
  7968 | D:7      | Reached XP level 10. HP: 54/73 MP: 8/16
  7980 | D:7      | Reached skill level 5 in Fighting
  8154 | D:7      | Reached **** piety under Kikubaaqudgha
  8485 | D:7      | Noticed Maggie
  8492 | D:7      | Killed Maggie
  8493 | D:7      | Reached skill level 9 in Air Magic
  8496 | D:7      | Reached skill level 1 in Armour
 10091 | D:8      | Found a staircase to the Lair.
 10205 | D:8      | Noticed Amaemon
 10208 | D:8      | Noticed an orange demon
 10220 | D:8      | Killed Amaemon
 10450 | D:8      | Killed an orange demon
 10574 | D:8      | Reached skill level 5 in Necromancy
 10976 | D:8      | Reached XP level 11. HP: 81/81 MP: 14/18
 11581 | D:9      | Reached skill level 5 in Spellcasting
 11582 | D:9      | Reached ***** piety under Kikubaaqudgha
 11969 | D:9      | Reached skill level 5 in Dodging
 11978 | D:9      | Noticed a tengu warrior
 12058 | D:8      | Learned a level 4 spell: Animate Dead
 12063 | D:8      | Learned a level 4 spell: Dispel Undead
 12097 | D:9      | Killed a tengu warrior
 12098 | D:9      | Reached skill level 10 in Air Magic
 13068 | D:9      | Learned a level 4 spell: Summon Lightning Spire
 13107 | D:9      | Found a hazy altar of Hepliaklqana.
 13197 | D:9      | Found a broken altar of Ashenzari.
 13661 | D:10     | Entered Level 10 of the Dungeon
 13679 | D:9      | Reached skill level 1 in Shields
 13679 | D:9      | Reached skill level 1 in Summonings
 13916 | D:10     | Found a white marble altar of Elyvilon.
 14280 | D:10     | Found a staircase to the Orcish Mines.
 14757 | Lair:1   | Entered Level 1 of the Lair of Beasts
 14903 | Lair:1   | Reached skill level 11 in Air Magic
 15493 | Lair:1   | Reached XP level 12. HP: 88/88 MP: 15/19
 16206 | Lair:2   | Noticed Urug
 16213 | Lair:2   | Killed Urug
 16227 | Lair:2   | Found a staircase to the Snake Pit.
 16991 | Lair:2   | Found a large runed translucent door.
 16991 | Lair:2   | Found a large runed translucent door.
 17059 | Lair:2   | Noticed FallenXxXSky's ghost (journeyman DrCK)
 17295 | Lair:2   | Found a staircase to the Shoals.
 17415 | Lair:2   | Killed FallenXxXSky's ghost
 17809 | Lair:3   | Found a runed translucent gate.
 17809 | Lair:3   | Found a runed translucent gate.
 17809 | Lair:3   | Found a runed translucent gate.
 18164 | Lair:3   | Found a runed translucent door.
 18165 | Lair:3   | Found the +8 whip "Snakebite" {venom, curare, rPois}
 18442 | Lair:3   | Identified the +2 hat of Hepliaklqana, Hugging {Will+ Str+3
                  | Int+4 SInv}
 18460 | Lair:3   | Found a runed translucent gate.
 18460 | Lair:3   | Found a runed translucent gate.
 18460 | Lair:3   | Found a runed translucent gate.
 18460 | Lair:3   | Found a runed translucent gate.
 18460 | Lair:3   | Found a runed translucent gate.
 18460 | Lair:3   | Found a runed translucent gate.
 18460 | Lair:3   | Noticed a boulder beetle
 18460 | Lair:3   | Noticed a boulder beetle
 18531 | Lair:3   | Killed a boulder beetle
 18532 | Lair:3   | Reached skill level 5 in Summonings
 18535 | Lair:3   | Killed a boulder beetle
 18536 | Lair:3   | Reached skill level 5 in Shields
 18556 | Lair:3   | Reached skill level 12 in Air Magic
 19002 | Lair:3   | Noticed Fuxod's ghost (journeyman GnWn)
 19132 | Lair:3   | Killed Fuxod's ghost
 19133 | Lair:3   | Reached XP level 13. HP: 76/93 MP: 6/20
 19364 | Lair:3   | Got the ring "Goikajepn" {Fire MP+9}
 20529 | Lair:4   | Reached skill level 10 in Necromancy
 20733 | Lair:4   | Learned a level 2 spell: Sublimation of Blood
 20854 | Lair:5   | Entered Level 5 of the Lair of Beasts
 20995 | Lair:5   | Noticed a catoblepas
 21130 | Lair:5   | Reached skill level 1 in Fire Magic
 21496 | Lair:5   | Found a staircase to the Slime Pits.
 21648 | Lair:5   | Reached XP level 14. HP: 34/101 MP: 7/23
 22064 | Lair:5   | Reached ****** piety under Kikubaaqudgha
 22357 | Lair:5   | Reached skill level 13 in Air Magic
 23069 | Orc:1    | Entered Level 1 of the Orcish Mines
 23501 | Orc:2    | Entered Level 2 of the Orcish Mines
 23526 | Orc:2    | Found a staircase to the Elven Halls.
 25616 | Orc:2    | Found Ubraumu's Antique Armour Emporium.
 25617 | Orc:2    | Found Oqenguyw's Distillery.
 25944 | Orc:2    | Bought a potion of haste for 130 gold pieces
 26941 | Orc:2    | Found Ygiz's Armour Boutique.
 26941 | Orc:2    | Found Bucvon's Magic Scroll Emporium.
 27231 | Orc:2    | Bought a fading scarf for 380 gold pieces
 27231 | Orc:2    | Identified the scarf "Fearocuh" {harm, rElec rC+} (You
                  | bought it in a shop on level 2 of the Orcish Mines)
 27527 | D:11     | Found a portal to a secret trove of treasure.
 28033 | D:11     | Reached XP level 15. HP: 108/108 MP: 8/25
 28838 | D:11     | Reached skill level 5 in Fire Magic
 29088 | D:12     | Found a gate leading to a gauntlet.
 29131 | Gauntlet | Entered a Gauntlet
 29131 | Gauntlet | Found a transporter.
 29131 | Gauntlet | Found a transporter.
 29137 | Gauntlet | Found a transporter.
 29145 | Gauntlet | Found a transporter.
 29169 | Gauntlet | Found a transporter.
 29178 | Gauntlet | Found a transporter.
 29179 | Gauntlet | Found a transporter.
 29191 | Gauntlet | Found a transporter.
 29192 | Gauntlet | Noticed a balrug
 29231 | Gauntlet | Found a transporter.
 29237 | Gauntlet | Found a transporter.
 29257 | Gauntlet | Found a transporter.
 29267 | Gauntlet | Found a transporter.
 29306 | Gauntlet | Found a transporter.
 29308 | Gauntlet | Noticed a quicksilver ooze
 29326 | Gauntlet | Found a transporter.
 29431 | Gauntlet | Found a transporter.
 29447 | Gauntlet | Found a transporter.
 29632 | Gauntlet | Reached skill level 14 in Air Magic
 29907 | Gauntlet | Identified the ring "Gocogi" {rPois rF- EV+5 Str+8}
 29911 | Gauntlet | Identified the +5 sling of the Moon {heavy, Int+6 Dex+2}
 30102 | Gauntlet | Identified the +8 broad axe of Inquiry {spect, rC+ Str+4
                  | Dex+3}
 30102 | Gauntlet | Identified the +4 kite shield of Divine the Leaf {Dex+7}
 30338 | Gauntlet | Learned a level 6 spell: Plasma Beam
 30345 | Gauntlet | Identified the +3 hat of Action {Stlth+}
 30665 | D:12     | Reached skill level 1 in Axes
 30932 | Orc:2    | Bought a scroll of identify for 28 gold pieces
 30932 | Orc:2    | Bought a scroll of magic mapping for 105 gold pieces
 31138 | D:3      | Bought a scroll of fear for 40 gold pieces
 31222 | D:6      | Killed comborobin's ghost
 31471 | Orc:2    | Bought a potion of curing for 39 gold pieces
 31471 | Orc:2    | Bought a potion of heal wounds for 65 gold pieces
 31471 | Orc:2    | Bought a potion of cancellation for 104 gold pieces
 31471 | Orc:2    | Bought a potion of mutation for 104 gold pieces
 31471 | Orc:2    | Bought a potion of curing for 39 gold pieces
 31471 | Orc:2    | Bought a potion of heal wounds for 65 gold pieces
 31471 | Orc:2    | Bought a potion of might for 52 gold pieces
 32426 | D:13     | Noticed Kirke
 32431 | D:13     | Killed Kirke
 33337 | D:14     | Found a gate to the Vaults.
 33443 | D:14     | Noticed Frances
 33451 | D:14     | Killed Frances
 33452 | D:14     | Reached skill level 10 in Fighting
 33452 | D:14     | Reached XP level 16. HP: 110/122 MP: 5/26
 33689 | D:14     | Identified the orb "Nuyrunush" {mayhem, rCorr Str+2}
 33791 | D:14     | Acquired 791 gold pieces
 34316 | D:14     | Learned a level 5 spell: Fireball
 34665 | D:15     | Entered Level 15 of the Dungeon
 35065 | D:15     | Reached skill level 5 in Axes
 35192 | D:15     | Found a staircase to the Depths.
 36390 | Shoals:1 | Entered Level 1 of the Shoals
 36403 | Shoals:1 | Reached skill level 10 in Fire Magic
 37263 | Shoals:1 | Reached skill level 5 in Armour
 37330 | Shoals:1 | Reached skill level 5 in Conjurations
 37804 | Shoals:1 | Found a basalt altar of Yredelemnul.
 37813 | Shoals:1 | Noticed a kraken
 37828 | Shoals:1 | Killed a kraken
 38308 | Shoals:1 | Reached XP level 17. HP: 133/133 MP: 28/28
 38402 | Shoals:2 | Noticed Mlioglotl
 38422 | Shoals:2 | Killed Mlioglotl
 38611 | Shoals:2 | Reached XP level 18. HP: 115/140 MP: 16/29
 40343 | Shoals:3 | Reached skill level 1 in Ice Magic
 40353 | Shoals:3 | Noticed Polyphemus
 40364 | Shoals:3 | Killed Polyphemus
 40621 | Shoals:3 | Noticed Louise
 40628 | Shoals:3 | Killed Louise
 40641 | Shoals:3 | Noticed a kraken
 40884 | Shoals:3 | Killed a kraken
 41130 | Shoals:3 | Learned a level 3 spell: Ozocubu's Armour
 41983 | Shoals:4 | Entered Level 4 of the Shoals
 41996 | Shoals:4 | Noticed Nikola
 42021 | Shoals:4 | Killed Nikola
 42219 | Shoals:4 | Noticed a kraken
 42241 | Shoals:4 | Killed a kraken
 42243 | Shoals:4 | Acquired a staff of air
 42718 | Shoals:4 | Reached skill level 10 in Shields
 42718 | Shoals:4 | Reached XP level 19. HP: 113/149 MP: 2/31
 42736 | Shoals:4 | Shot with an arrow by a satyr

Illustrated notes

Levels and vault maps discovered:
D:1:      dpeg_arrival_stonehenge_12_columns, layout_rooms
D:2:      layout_rooms, hellmonk_ecumenical_altar_blasted, dk_noncrumbling_4,
          minmay_3d_cube
D:3:      layout_loops_ring, serial_shops, nicolae_square_shop
D:4:      layout_cave_pods, fedhas_altar_2, nicolae_tso_besieged_by_evil,
          nicolae_qazlal_style_of_elements, uniq_menkaure, uniq_pikel
D:5:      layout_loops_corners, slow_altar_1, minmay_temple_entry_slanted,
          nicolae_elevator_lobby_asterisk, uniq_duvessa
D:6:      layout_loops_cross, mainiacjoe_overflow_alcove_2,
          mainiacjoe_overflow_24_doors, gammafunk_ghost_necromancy,
          bh_walls_and_bars
D:7:      layout_rooms, uniq_maggie, uniq_joseph
D:8:      layout_loops_cross, erik_lair_orcish_takeover, uniq_amaemon
D:9:      minmay_distorted_concentric_squares, layout_gridville,
          ashenzari_altar_1, nicolae_hepliaklqana_hippocampus
D:10:     layout_basic, elyvilon_altar_5, orc_0_dummy
D:11:     layout_basic, nicolae_trove_entry_free_sample, special_room
          [special_room_orc], dreamdust_gnoll_shepherd
D:12:     layout_roguey, gauntlet_entry_generic, st_stairs_1
D:13:     layout_rooms, minmay_quadrilaterals, uniq_kirke
D:14:     layout_basic, david_vaults_2, minmay_fountain_box, drop_trap,
          uniq_frances
D:15:     gammafunk_enter_depths_forms, layout_stronghold,
          corexii_hall_statues_s
Temple:   dshaligram_water_room_temple
Lair:1:   hellmonk_destroyed_diamonds, layout_cave_pods
Lair:2:   layout_concentric_octagons, minmay_shoals_entry_lonely_mermaid,
          guppyfry_snake_entry_island, ebering_ghost_disaster_area, uniq_urug
Lair:3:   gammafunk_indiana_jones, layout_regular_city, gammafunk_ghost_icy,
          lemuel_fruit_tree
Lair:4:   layout_misc_corridors, minmay_hedge_maze, serial_bayou_shore_a
Lair:5:   evilmike_catoblepas_cave, layout_gridlike,
          nicolae_slime_entry_field_trip
Shoals:1: layout_shoals, wheals_shoals_ruined_temple
Shoals:2: layout_shoals, uniq_mlioglotl
Shoals:3: layout_shoals, uniq_polyphemus, uniq_louise
Shoals:4: shoals_end_hellmonk_lost_city, serial_shops, uniq_nikola
Orc:1:    layout_diamond_mine
Orc:2:    st_orc_town, layout_caves

Skill      XL: |  1  2  3  4  5  6  7  8  9 10 11 12 13 14 15 16 17 18 |
---------------+-------------------------------------------------------+-----
Fighting       | 3 4 6 7 10 11 13 | 13.1
Necromancy     | 1 2 3 4 5 7 9 10 11 | 11.0
Spellcasting   | 1 2 3 4 5 6 7 8 |  8.4
Conjurations   | 1 2 4 5 7 |  7.0
Air Magic      | 1 2 5 6 8 9 11 12 13 14 | 14.0
Poison Magic   | 1 2 3 |  3.0
Dodging        | 2 4 5 6 7 8 |  8.3
Armour         | 2 3 4 5 6 |  6.0
Stealth        | 4 |  4.0
Shields        | 2 5 7 8 10 | 10.0
Summonings     | 2 5 7 8 |  8.0
Fire Magic     | 1 4 8 10 11 | 11.7
Axes           | 4 5 6 |  6.6
Ice Magic      | 4 |  4.7
Short Blades   | |  2.0
Maces & Flails | |  3.0

Action                     |  1- 3 |  4- 6 |  7- 9 | 10-12 | 13-15 | 16-18 | 19-21 || total
---------------------------+-------+-------+-------+-------+-------+-------+-------++-------
  Melee: Mace              |    86 |    89 |    25 |       |       |       |       ||   200
         Punch             |     1 |     1 |     1 |     6 |       |       |       ||     9
         Dagger            |       |    77 |     5 |       |       |       |       ||    82
         Whip              |       |       |    19 |    12 |   214 |       |       ||   245
         War axe           |       |       |    10 |       |       |       |       ||    10
         Long sword        |       |       |     1 |    28 |       |       |       ||    29
         Trident           |       |       |       |    80 |       |       |       ||    80
         Staff             |       |       |       |       |     1 |       |       ||     1
         Broad axe         |       |       |       |       |     2 |    54 |       ||    56
  Throw: Dart              |       |       |     6 |     1 |       |       |       ||     7
   Cast: Static Discharge  |       |       |   131 |    29 |       |       |       ||   160
         Airstrike         |       |       |    24 |   237 |   326 |   185 |       ||   772
         Dispel Undead     |       |       |       |    19 |    26 |     1 |       ||    46
         Animate Dead      |       |       |       |     7 |    23 |    14 |       ||    44
         Summon Lightning  |       |       |       |     7 |    35 |    14 |       ||    56
         Sublimation of Bl |       |       |       |       |    68 |    65 |     2 ||   135
         Plasma Beam       |       |       |       |       |    26 |    85 |     1 ||   112
         Fireball          |       |       |       |       |       |    15 |       ||    15
         Ozocubu's Armour  |       |       |       |       |       |     1 |       ||     1
 Invoke: Unearth Wretches  |       |       |       |       |     1 |       |       ||     1
  Evoke: Wand              |       |       |     2 |     7 |     5 |       |       ||    14
         Tin of tremorston |       |       |       |       |     2 |       |       ||     2
    Use: Scroll            |     2 |     7 |     2 |     7 |    11 |    11 |       ||    40
         Potion            |       |       |     7 |     6 |     6 |     4 |       ||    23
   Stab: Sleeping          |     3 |       |     4 |     2 |     1 |       |       ||    10
         Distracted        |       |       |       |       |     8 |     2 |       ||    10
         Paralysed         |       |       |       |       |     1 |       |       ||     1
 Armour: Leather armour    |     7 |       |    36 |    80 |    72 |    22 |       ||   217
         Ring mail         |    41 |    60 |     7 |       |       |       |       ||   108
         Robe              |       |       |    16 |       |       |       |       ||    16
  Dodge: Dodged            |    51 |    62 |    73 |   143 |   145 |    86 |     1 ||   561
  Block: Kite shield       |       |       |       |       |   221 |   146 |       ||   367
